AoeStats
← dekam34

Arabia

509193818Analyzed
1v1 RM · 6d ago on Sep 25, 2026· 38m 2s· 2 players
Game mode
Random Map
Map size
Tiny (2 player)
Population
200
Speed
Normal
Resources
Standard
Victory
Conquest
Starting age
Dark Age
Ending age
Imperial Age
RankedLock teamsTeams togetherTeam positionsShared explorationLock speedFull tech treeHidden civsTurbo modeCheats
Victory
Defeat
🇵🇪 Slavs · Peru
662
+14
🇺🇸 Varangians · United States
617
-14
dekam34
10:42 Feudal Age
16:13 Castle Age
16:19 Scale Barding Armor
16:53 Double-Bit Axe
16:57 Horse Collar
19:37 Wheelbarrow
20:58 Forging
22:09 Bow Saw
24:21 Town Watch
25:10 Bloodlines
27:27 Heavy Plow
27:28 Fletching
31:12 Bodkin Arrow
31:39 Chain Barding Armor
35:09 Imperial Age
34:51 Hand Cart
nor29
3:07 Loom
11:57 Feudal Age
13:03 Double-Bit Axe
16:16 Horse Collar
21:11 Castle Age
21:23 Bloodlines
22:33 Bow Saw
22:56 Fletching
23:07 Padded Archer Armor
23:13 Scale Barding Armor
23:29 Heavy Plow
28:09 Wheelbarrow
27:52 Husbandry
27:14 Light Cavalry
29:44 Pikeman
33:06 Imperial Age
31:45 Hand Cart
32:37 Ballistics
32:56 Bodkin Arrow
33:42 Pikeman
36:07 Two-Man Saw
35:39 Crop Rotation
38:32 Squires
Connection lost

Rejoining the realm…

Still unreachable

The connection could not be restored.

Session expired

The server has moved on; the page needs a fresh start.